 Dungeon Crawl Stone Soup version 0.30-a0-170-g85af917532 (webtiles) character file.

Game seed: 4275458434060892054

94 qw the Chopper (level 4, -3/28 HPs)
             Began as a Gargoyle Fighter on Sept 30, 2022.
             Killed by divine providence
             ... invoked by an orc priest
              (15 damage)
             ... on level 3 of the Dungeon.
             The game lasted 00:00:32 (1249 turns).

qw the Chopper (Gargoyle Fighter)                   Turns: 1249, Time: 00:00:33

Health: -3/28      AC: 10    Str: 22    XL:     4   Next: 63%
Magic:  4/4        EV: 10    Int:  8    God:
Gold:   59         SH:  4    Dex:  9    Spells: 3/3 levels left

rFire   . . .      SeeInvis .    Y - +0 war axe
rCold   . . .      Faith    .    c - +0 buckler
rNeg    + . .      Spirit   .    m - +0 acid dragon scales
rPois   inf        Reflect  .    (no helmet)
rElec   +          Harm     .    (no cloak)
rCorr   +          Rampage  .    (no gloves)
Will    .....                    (no boots)
Stlth   +.........               l - amulet of regeneration
HPRegen 0.89/turn                (no ring)
MPRegen 0.09/turn                (no ring)

@: no status effects
A: sickness immunity, AC +3, negative energy resistance 1, electricity
resistance, torment resistance 1, petrification resistance
a: no special abilities


You were on level 3 of the Dungeon.
You visited 1 branch of the dungeon, and saw 4 of its levels.

You collected 59 gold pieces.


Innate Abilities, Weirdness & Mutations

You are immune to sickness and miasma.
Your stone body is resilient. (AC +3)
You are immune to poison.
You resist negative energy. (rN+)
You are resistant to electric shocks. (rElec)
You are resistant to unholy torment.
You are immune to petrification.


   Skills:
 - Level 3.2 Fighting
 + Level 4.3 Axes
 - Level 3.2 Armour
 - Level 3.2 Shields


You had 3 spell levels left.
You didn't know any spells.
Your spell library was empty.

Inventory:

Hand Weapons
 h - a +0 mace
 Y - a +0 war axe (weapon)
Armour
 c - a +0 buckler (worn)
 m - +0 acid dragon scales (worn)
Jewellery
 a - an amulet of guardian spirit
 l - an amulet of regeneration (around neck)
Scrolls
 k - a scroll of teleportation
Potions
 d - a potion of might
 e - a potion of haste {unknown}
 i - a potion of mutation {unknown}

Dungeon Overview and Level Annotations

Branches:
Dungeon (4/15)
 Temple: D:4-7

Altars:
Ru


Message History

You slash the orc!
You kill the orc!
You closely miss the orc priest.
You hit the orc priest but do no damage.
The orc priest hits you but does no damage.
The orc priest hits you with a +0 whip.
You hit the orc priest but do no damage.
The orc priest is heavily wounded.
You hit the orc priest.
The orc priest hits you but does no damage.
The orc priest misses you.
You hit the orc priest.
The orc priest is heavily wounded.
You hit the orc priest.
The orc priest looks braver for a moment.
The orc priest hits you but does no damage.
The orc priest hits you with a +0 whip. You block the orc priest's attack.
You hit the orc priest.
The orc priest is severely wounded.
You hit the orc priest but do no damage.
The orc priest closely misses you.
The orc priest hits you but does no damage.
You closely miss the orc priest.
The orc priest is severely wounded.
You barely miss the orc priest.
The orc priest mumbles some strange prayers to Beogh against you.
Beogh smites you! The orc priest hits you with a +0 whip.
You barely miss the orc priest.
The orc priest is severely wounded.
You closely miss the orc priest.
The orc priest casts a cantrip, but nothing happens.
The orc priest hits you but does no damage. x3
You hit the orc priest but do no damage.
The orc priest is severely wounded.
You barely miss the orc priest.
The orc priest hits you but does no damage.
The orc priest mumbles some strange prayers to Beogh against you.
Beogh smites you!
Ouch! That really hurt!
You die...

###### # #....#
#. #....#
..###.##)o..#.!.
.[......@o.r....
######.########
#...## ###..#
##.# #.## #..##
##.|# ##.##


You could see 2 orc priests and a rat.

Vanquished Creatures
  2 jellies (D:4)
  2 dart slugs (D:1)
  An orc (D:3)
  4 endoplasms (D:1)
  A giant cockroach (D:1)
  3 goblins (D:1)
  4 hobgoblins (D:1)
  3 ball pythons (D:1)
  A bat (D:1)
  3 frilled lizards (D:1)
  4 kobolds
  5 rats (D:1)
33 creatures vanquished.

Notes
Turn   | Place    | Note
-------+----------+-------------------------------------------
     0 | D:1      | qw the Gargoyle Fighter began the quest for the Orb.
     0 | D:1      | Reached XP level 1. HP: 14/14 MP: 1/1
     0 | D:1      | 0 ||| qw: Version: 0.2-a-12-gaebbb33
     0 | D:1      | 0 ||| qw: Game counter: 1453
     0 | D:1      | 0 ||| qw: Always use a shield: true
     0 | D:1      | 0 ||| qw: God list: Okawaru
     0 | D:1      | 0 ||| qw: Allow faded altars: false
     0 | D:1      | 0 ||| qw: Do Orc after D:15 true
     0 | D:1      | 0 ||| qw: Do second Lair branch before Depths: true
     0 | D:1      | 0 ||| qw: Lair rune preference: random
     0 | D:1      | 0 ||| qw: Plans: Normal, Zot:1-4, God:TSO, Crypt, Tomb,
                  | Pan, Slime:5, Hells, Abyss, Orb
     0 | D:1      | 0 ||| PLANNING D:1-11
    31 | D:1      | Reached skill level 2 in Axes
   138 | D:1      | 138 ||| Stepping ~*~*~tactically~*~*~ (stealth).
   145 | D:1      | Reached XP level 2. HP: 19/19 MP: 2/2
   275 | D:1      | 275 ||| Stepping ~*~*~tactically~*~*~ (stealth).
   302 | D:1      | 302 ||| Stepping ~*~*~tactically~*~*~ (stealth).
   485 | D:1      | Reached skill level 3 in Axes
   507 | D:1      | 507 ||| Stepping ~*~*~tactically~*~*~ (stealth).
   511 | D:1      | 511 ||| Stepping ~*~*~tactically~*~*~ (stealth).
   517 | D:1      | Reached XP level 3. HP: 23/23 MP: 3/3
   668 | D:1      | 668 ||| Stepping ~*~*~tactically~*~*~ (stealth).
   672 | D:1      | 672 ||| Stepping ~*~*~tactically~*~*~ (stealth).
   741 | D:1      | 741 ||| Stepping ~*~*~tactically~*~*~ (stealth).
   742 | D:1      | 742 ||| Stepping ~*~*~tactically~*~*~ (stealth).
   755 | D:1      | 755 ||| Stepping ~*~*~tactically~*~*~ (stealth).
   757 | D:1      | 757 ||| Stepping ~*~*~tactically~*~*~ (hiding).
   759 | D:1      | 759 ||| Stepping ~*~*~tactically~*~*~ (hiding).
  1090 | D:1      | 1090 ||| UPGRADING to +0 acid dragon scales.
  1100 | D:1      | 1100 ||| DROPPING +0 scale mail.
  1101 | D:1      | 1101 ||| UPGRADING to amulet of regeneration.
  1106 | D:1      | 1106 ||| READING scroll labelled SYNKYVV ASHIT.
  1107 | D:1      | 1107 ||| READING scroll labelled OZUAPN YROTS.
  1108 | D:1      | 1108 ||| READING scroll labelled LIL KIOCYX.
  1109 | D:1      | 1109 ||| READING 2 scrolls labelled FUNYF VYIJU.
  1114 | D:1      | 1114 ||| READING scroll labelled PAUMNADDOYNU.
  1130 | D:2      | You fall into a shaft and drop 2 floors!
  1137 | D:4      | Reached XP level 4. HP: 28/28 MP: 4/4
  1161 | D:4      | Reached skill level 4 in Axes
  1176 | D:4      | Found a sacrificial altar of Ru.
  1249 | D:3      | Killed from afar by an orc priest

Levels and vault maps discovered:
D:1:      minmay_arrival_four_loops, layout_loops_ring, serial_forest,
          infiniplex_forest_lined_2, infiniplex_forest_clump_diagonal,
          infiniplex_forest_lined_4_way, infiniplex_forest_end_2,
          infiniplex_forest_clump_small, minmay_liquid_box,
          chequers_serial_rivers_micro_e, minmay_misc_feat_enclosed
D:2:      layout_rooms, dreamdust_ecumenical_altar_sealed_demon, basic_altar,
          hangedman_abyss_or_decor_stabs, minmay_pentomino_p4
D:3:      layout_basic, zin_statuary
D:4:      layout_rooms, lemuel_crystal_altar, amcnicky_altar_gilded,
          minmay_temple_entry_gardened_gates, minmay_misc_feat_square,
          st_stairs_1, hangedman_decor_points, kennysheep_windowed_goal,
          uniq_edmund

Skill      XL: |  1  2  3  4 |
---------------+-------------+-----
Axes           | 2 3 4 |  4.3
Fighting       | |  3.2
Armour         | |  3.2
Shields        | |  3.2

Action                   |  1- 3 |  4- 6 || total
-------------------------+-------+-------++-------
Melee: War axe           |    87 |    16 ||   103
  Use: Scroll            |     5 |       ||     5
Armor: Scale mail        |    33 |       ||    33
       Acid dragon scale |       |    12 ||    12
Dodge: Dodged            |    38 |     4 ||    42
Block: Buckler           |    15 |     2 ||    17

Table legend:
 A = Non-vault XP
 B = Vault XP
 C = Vault XP percentage of total XP
 D = Non-vault monster count
 E = Vault monster count
 F = Vault count percentage of total count
                 A         B        C        D         E       F
            +---------+---------+-------+---------+---------+-------
      Total |     135 |       0 |   0.0 |      33 |       0 |   0.0
            +---------+---------+-------+---------+---------+-------
        D:1 |      48 |       0 |   0.0 |      29 |       0 |   0.0
        D:3 |       3 |       0 |   0.0 |       1 |       0 |   0.0
        D:4 |      84 |       0 |   0.0 |       3 |       0 |   0.0
            +---------+---------+-------+---------+---------+-------
